 Dungeon Crawl Stone Soup version 0.21.1-1-g345015f (webtiles) character file.

27 inc the Chiller (level 2, -2/11 HPs)
             Began as a Felid Ice Elementalist on Mar 3, 2018.
             Slain by an adder (4 damage)
             ... on level 1 of the Dungeon.
             The game lasted 00:01:46 (1349 turns).

inc the Chiller (Felid Ice Elementalist)            Turns: 1349, Time: 00:01:47

Health: -2/11      AC:  1    Str:  4    XL:     2   Next: 93%
Magic:  2/6        EV: 18    Int: 16    God:
Gold:   38         SH:  0    Dex: 16    Spells: 4/5 levels left
                                        Lives:  0   Deaths: 0

rFire    . . .     SeeInvis +     - Unarmed
rCold    . . .     Gourm    .   (shield unavailable)
rNeg     . . .     Faith    .   (armour unavailable)
rPois    .         Spirit   .   (helmet unavailable)
rElec    .         Reflect  .   (cloak unavailable)
rCorr    .         Harm     .   (gloves unavailable)
MR       .....                  (boots unavailable)
Stlth    +++.......             (no amulet)
HPRegen  0.03/turn              (no ring)
MPRegen  0.10/turn              (no ring)

@: lethally poisoned (-2 -> -19), quick
A: very small, no armour, no weapons or thrown items, stealth, claws 1, fangs 3,
see invisible, carnivore, speed 1, shaggy fur 1, slow metabolism 1, sharp paws
a: no special abilities


You were on level 1 of the Dungeon.
You were not hungry.

You visited 1 branch of the dungeon, and saw 2 of its levels.

You collected 38 gold pieces.

Inventory:

Scrolls
 c - a scroll of remove curse {unknown}
 d - a scroll of teleportation {unknown}
Potions
 e - a potion of cancellation
 f - a potion of agility {unknown}
Books
 a - a book of Frost

   Spells                             Type                      Level
   a - Freeze                         Ice                          1
   b - Throw Frost                    Conjuration/Ice              2
   c - Ozocubu's Armour               Charms/Ice                   3
   d - Throw Icicle                   Conjuration/Ice              4
   e - Summon Ice Beast               Ice/Summoning                4
Comestibles
 b - 4 rations


   Skills:
 - Level 2.6 Dodging
 - Level 2.6 Stealth
 + Level 1.9 Unarmed Combat
 - Level 2.0 Spellcasting
   Level 0.8 Conjurations
 - Level 3.2 Ice Magic


You had 4 spell levels left.
You knew the following spells:

 Your Spells              Type           Power        Failure   Level  Hunger
a - Freeze                Ice            ##..         5%          1    #......


Dungeon Overview and Level Annotations

Branches:
Dungeon (2/15)

Altars:


Innate Abilities, Weirdness & Mutations

You cannot wear armour.
You are incapable of wielding weapons or throwing items.
Your paws allow you to move quietly. (Stealth)
You have sharp claws.
You have razor-sharp teeth.
You have supernaturally acute eyesight. (SInv)
You are carnivorous and can eat meat at any time.
You cover ground quickly.
You are covered in fur. (AC +1)
You have a slow metabolism.
Your sharp claws are effective at attacking unaware monsters.


Message History

Confirm with . or Enter, or press ? or * to list all spells.
Aiming: Freeze
Press: ? - help, Shift-Dir - straight line, f/p - adder
Aim: an adder (heavily wounded, slow)
You freeze the adder.
The adder seems to slow down.
The adder is severely wounded.
* * * LOW HITPOINT WARNING * * *
You feel sick. The bat completely misses you. The bat closely misses you.
The adder barely misses you.
Casting: Freeze
Confirm with . or Enter, or press ? or * to list all spells.
Aiming: Freeze
Press: ? - help, Shift-Dir - straight line, f/p - adder
Aim: an adder (severely wounded, slow)
You freeze the adder.
The adder is almost dead.
* * * LOW HITPOINT WARNING * * *
You feel sick.
The adder is no longer moving slowly.
The bat misses you. The bat closely misses you. The adder bites you.
You die...

#####..##...♣♣#
#.#.#.....# #
#..###♣P..♣######.#.#.####
#..#♣♣♣♣..♣........##.#
#†.♣P..♣.P♣.#########.#
#..♣PP≈≈.♣♣.# #.#
#..♣.≈≈≈≈P♣.# #.#
#..♣♣.≈≈P.♣.# #.#
####♣..♣♣♣♣##########.#
#♣♣♣ ♣.S@b........#
##############


You could see an adder and a bat.

Vanquished Creatures
  An adder (D:2)
  A bat (D:1)
  2 goblins
  4 hobgoblins
  A jackal (D:1)
  5 kobolds (D:1)
  3 rats (D:1)
17 creatures vanquished.

Notes
Turn   | Place    | Note
-------+----------+-------------------------------------------
     0 | D:1      | inc the Felid Ice Elementalist began the quest for the Orb.
     0 | D:1      | Reached XP level 1. HP: 7/7 MP: 4/4
   194 | D:1      | Reached skill level 3 in Ice Magic
   466 | D:2      | Reached XP level 2. HP: 11/11 MP: 4/6
   477 | D:2      | Reached skill level 1 in Unarmed Combat
  1349 | D:1      | Slain by an adder

Skill      XL: |  1  2 |
---------------+-------+-----
Ice Magic      | 3 |  3.2
Unarmed Combat | 1 |  1.9
Dodging        | |  2.6
Stealth        | |  2.6
Spellcasting   | |  2.0
Conjurations   | |  0.8

Action                   || total
-------------------------++-------
Melee: Unarmed           ||    20
       Bite              ||     1
 Cast: Freeze            ||    26
  Use: Scroll            ||     2
 Stab: Sleeping          ||     5
Armor: Skin              ||     5
Dodge: Dodged            ||    44
